 Dungeon Crawl Stone Soup version 0.23.2-1-ga50397a (webtiles) character file.

Game seed: 5335947264190971424

119 Iscandelvey the Bolt Thrower (level 4, -1/32 HPs)
             Began as a Demonspawn Arcane Marksman on Apr 17, 2019.
             Slain by a jackal (3 damage)
             ... on level 2 of the Dungeon.
             The game lasted 00:03:10 (2117 turns).

Iscandelvey the Bolt Thrower (DsAM)                 Turns: 2117, Time: 00:03:11

Health: -1/32      AC:  2    Str: 10    XL:     4   Next: 74%
Magic:  6/6        EV: 12    Int: 16    God:
Gold:   137        SH:  0    Dex: 13    Spells: 5/6 levels left

rFire    . . .     SeeInvis .   d - +0 mace
rCold    . . .     Gourm    .   (no shield)
rNeg     . . .     Faith    .   e - +0 robe
rPois    .         Spirit   .   (no helmet)
rElec    .         Reflect  .   (no cloak)
rCorr    .         Harm     .   (no gloves)
MR       .....                  (no boots)
Stlth    ++........             (no amulet)
HPRegen  0.10/turn              (no ring)
MPRegen  0.10/turn              (no ring)

@: no status effects
A: powered by pain 1
a: no special abilities


You were on level 2 of the Dungeon.
You were not hungry.

You visited 1 branch of the dungeon, and saw 3 of its levels.

You collected 137 gold pieces.

Inventory:

Hand Weapons
 a - a +0 hand crossbow
 d - a +0 mace (weapon)
Missiles
 m - 12 bolts
Armour
 e - a +0 robe (worn)
Scrolls
 b - 4 scrolls of identify {unknown}
 g - a scroll of remove curse {unknown}
 i - 2 scrolls of fear {unknown}
 k - 3 scrolls of amnesia {unknown}
 n - a scroll of enchant armour {unknown}
Potions
 c - a potion of haste
 h - a potion of invisibility {unknown}
 j - a potion of curing
Comestibles
 f - 6 rations


   Skills:
 - Level 1.5 Fighting
 * Level 3.4 Crossbows
 + Level 2.2 Dodging
 - Level 0.9 Stealth
 * Level 1.5 Spellcasting
 - Level 3.3 Hexes


You had 5 spell levels left.
You knew the following spells:

 Your Spells              Type           Power        Failure   Level  Hunger
a - Corona                Hex            ##.....      5%          1    ##.....

Your spell library contained the following spells:

 Spells                   Type           Power        Failure   Level  Hunger
 Slow                     Hex            ##......     9%          2    ###....
 Inner Flame              Hex/Fire       #.......     32%         3    ####...
 Portal Projectile        Hex/Tloc       #.....       32%         3    ####...
 Cause Fear               Hex            ##........   50%         4    #####..
 Leda's Liquefaction      Hex/Erth       #.........   73%         4    #####..


Dungeon Overview and Level Annotations

Branches:
Dungeon (3/15)

Altars:
Ashenzari
Makhleb
Nemelex Xobeh
Zin


Innate Abilities, Weirdness & Mutations

You sometimes gain a little power by taking damage.


Message History

There is a stone staircase leading down here.
You hit the jackal.
The jackal is almost dead.
The jackal bites you but does no damage. x2
You miss the jackal.
The jackal is almost dead.
The jackal closely misses you. The jackal barely misses you.
You barely miss the jackal.
The jackal is almost dead.
The jackal barely misses you. The jackal bites you.
* * * LOW HITPOINT WARNING * * *
You barely miss the jackal.
The jackal is almost dead.
The jackal bites you.
* * * LOW HITPOINT WARNING * * *
The jackal misses you.
You closely miss the jackal.
The jackal is almost dead.
The jackal bites you.
You die...

#........#
#.........##.#..# #
####.#######
######....##.##.# #
#.......#
###....##....# #
#######.####
#......####### #.##.#
#......#
#.##.###..#.#.#
#.............#########
###########.###.......#
#....@h....# #.......#
#####..#########
#...>...# #........#
#.......' #.####.#.#
#.......# #.####...#
#.......# #.(#.######
######### #.#....)#.#
######.#.(# #..#.####.#


You could see a jackal.

Vanquished Creatures
  An orc wizard (D:3)
  A hound (D:3)
  An adder (D:3)
  A worm (D:3)
  A leopard gecko (D:2)
  3 orcs
  A ball python (D:2)
  4 bats
  4 giant cockroaches
  2 goblins (D:2)
  2 hobgoblins (D:2)
  7 jackals
  4 kobolds
  A quokka (D:2)
  3 frilled lizards
  6 rats
42 creatures vanquished.

Notes
Turn   | Place    | Note
-------+----------+-------------------------------------------
     0 | D:1      | Iscandelvey the Demonspawn Arcane Marksman began the quest
                  | for the Orb.
     0 | D:1      | Reached XP level 1. HP: 15/15 MP: 2/2
   109 | D:1      | You fall through a shaft!
   153 | D:2      | Gained mutation: You sometimes gain a little power by
                  | taking damage. [demonic ancestry]
   153 | D:2      | Reached XP level 2. HP: 21/21 MP: 3/3
   816 | D:2      | Found a sparkling altar of Nemelex Xobeh.
   816 | D:2      | Found a shattered altar of Ashenzari.
   937 | D:3      | Reached XP level 3. HP: 7/26 MP: 4/4
  1187 | D:3      | Reached XP level 4. HP: 32/32 MP: 5/5
  1462 | D:3      | Found a glowing silver altar of Zin.
  1492 | D:3      | Found a burning altar of Makhleb.
  2117 | D:2      | Slain by a jackal

Skill      XL: |  1  2  3 |
---------------+----------+-----
Crossbows      | 2 3 |  3.4
Dodging        | 2 |  2.2
Fighting       | |  1.5
Stealth        | |  0.9
Spellcasting   | |  1.5
Hexes          | |  3.3

Action                   |  1- 3 |  4- 6 || total
-------------------------+-------+-------++-------
Melee: Mace              |       |    58 ||    58
 Fire: Hand crossbow     |    71 |       ||    71
  Use: Potion            |     2 |       ||     2
 Stab: Sleeping          |       |     1 ||     1
  Eat: Chunk             |       |     4 ||     4
Armor: Robe              |     9 |    21 ||    30
Dodge: Dodged            |    21 |    72 ||    93
